 Dungeon Crawl Stone Soup version 0.31-a0-889-g1a8549509d (webtiles) character file.

Game seed: 8371491301835490062

30 LeprechaunX the Changeling (level 3, 0/34 HPs)
             Began as an Octopode Shapeshifter on Oct 16, 2023.
             Slain by Sigmund
             ... wielding a +1 scythe of protection
              (8 damage)
             ... on level 2 of the Dungeon.
             The game lasted 00:00:52 (914 turns).

LeprechaunX the Changeling (Octopode Shapeshifter)   Turns: 914, Time: 00:00:53

Health: 0/34       AC: 21    Str: 15    XL:     3   Next: 20%
Magic:  3/3        EV:  2    Int: 12    God:
Gold:   61         SH:  0    Dex: 11    Spells: 2/2 levels left

rFire   . .          .
                       - Unarmed
rCold   . . .        (no shield)
rNeg    . . .        (helmet currently unavailable)
rPois   +            (no amulet)
rElec   .            (no ring)
rCorr   .            (no ring)
SInv    .            (no ring)
Will    .....        (no ring)
Stlth   +            (no ring)
HPRegen 0.25/turn    (no ring)
MPRegen 0.08/turn    (no ring)
                     (no ring)

%: no passive effects
@: tree-form
A: stationary, stasis, torment immunity, boosted hp, almost no armour,
(amphibious), 8 rings, (camouflage 1), (gelatinous body 1), (nimble swimmer 1),
(tentacles)
a: no special abilities


You were on level 2 of the Dungeon.
You were a tree.
You visited 1 branch of the dungeon, and saw 2 of its levels.

You collected 61 gold pieces.

Inventory:

Talismans
 b - a beast talisman
 c - a flux talisman
Scrolls
 d - 2 scrolls of teleportation {unknown}
 e - a scroll of amnesia {unknown}
 f - 2 scrolls of vulnerability {unknown}
 g - a scroll of identify {unknown}
Potions
 h - a potion of heal wounds {unknown}


   Skills:
 + Level 1.5 Fighting
 + Level 2.3 Dodging
 + Level 3.2 Unarmed Combat
 * Level 3.4 Shapeshifting


You had 2 spell levels left.
You didn't know any spells.
Your spell library contained the following spells:

 Spells                   Type           Power      Damage    Failure   Level
 Kiss of Death            Conj/Necr      0%         2d5       32%         1
 Ensorcelled Hibernation  Hex/Ice        0%         N/A       45%         2
 Passwall                 Tmut/Erth      0%         N/A       45%         2
 Confusing Touch          Hex            0%         N/A       69%         3
 Swiftness                Air            0%         N/A       69%         3
 Dispel Undead            Necr           0%         3d6       97%         4


Dungeon Overview and Level Annotations

Branches:
Dungeon (2/15)

Altars:

Annotations:
D:2 Sigmund


Innate Abilities, Weirdness & Mutations

You are a tree.
Your roots penetrate the ground, keeping you stationary.
You cannot be teleported.
You are immune to unholy pain and torment.
Your maximum health is greatly increased.
You cannot wear most types of armour.
((You are amphibious.))
You can wear up to eight rings at the same time.
((Your skin changes colour to match your surroundings (Stealth+).))
((Your rubbery body absorbs attacks. (AC +1, EV +1)))
((You are camouflaged when in or above water. (Stealth+)))
((You have tentacles for arms and can constrict up to eight enemies at once.))


Message History

No target in view!
You pick up a book of Touch and begin reading...
You add the spells Kiss of Death, Confusing Touch and Dispel Undead to your library.
You pick up a book of Burglary and begin reading...
You add the spells Passwall, Ensorcelled Hibernation and Swiftness to your library.
Done exploring.
Done exploring.
Done exploring.
Okay, then.
Unknown command.
Done exploring.
Done exploring.
There is an open door here.
There is an open door here.
There is a stone staircase leading down here.
You climb downwards.
There is a stone staircase leading up here.
Sigmund is nearby!
Sigmund is nearby!
Sigmund shouts!
Sigmund hits you from afar with a +1 scythe of protection!
You closely miss Sigmund. Your grab misses Sigmund. You squeeze Sigmund!
Sigmund is heavily wounded.
Sigmund points at you and mumbles some strange words.
The magic dart hits you!
* * * LOW HITPOINT WARNING * * *
You are too injured to fight recklessly!
Your transformation has ended.
You turn into a tree.
Your roots penetrate the ground.
Sigmund mumbles some strange words.
Sigmund flickers and vanishes!
Deactivating autopickup; reactivate with Ctrl-A.
You barely miss something. Something hits you but does no damage.
You closely miss something. You barely miss something.
Something hits you but does no damage.
You barely miss something. Something hits you but does no damage.
You barely miss something. You closely miss something.
Something hits you but does no damage.
You smack something!
Something hits you!
You die...

##. #..
#.# #.#
#.# #.#
#{# #♣#
#.#
#.#######.
#.<.......
#########.


There were no monsters in sight!

Vanquished Creatures
  4 endoplasms (D:1)
  A giant cockroach (D:1)
  2 goblins (D:1)
  2 hobgoblins (D:1)
  5 ball pythons (D:1)
  6 bats (D:1)
  A frilled lizard (D:1)
  3 kobolds (D:1)
  6 rats (D:1)
30 creatures vanquished.

Notes
Turn   | Place    | Note
-------+----------+-------------------------------------------
     0 | D:1      | LeprechaunX the Octopode Shapeshifter began the quest for
                  | the Orb.
     0 | D:1      | Reached XP level 1. HP: 13/13 MP: 1/1
   145 | D:1      | Reached XP level 2. HP: 18/18 MP: 2/2
   513 | D:1      | Reached XP level 3. HP: 9/23 MP: 3/3
   902 | D:2      | Noticed Sigmund
   914 | D:2      | Slain by Sigmund

Illustrated notes

Levels and vault maps discovered:
D:1:      dpeg_arrival_ratfight, layout_basic, minmay_ruptured
D:2:      minmay_chambers_of_twos, layout_loops_ring, basic_altar,
          minmay_lizard_pond, uniq_sigmund, uniq_terence

Action                     || total
---------------------------++-------
  Melee: Unarmed           ||    63
         Constrict         ||    12
         Tentacles         ||     5
         Punch             ||     1
    Use: Potion            ||     1
   Stab: Sleeping          ||     4
 Armour: Skin              ||    29
  Dodge: Dodged            ||    36

Table legend: (Time is in decaauts)
 A = Elapsed time spent in this place.
 B = Non-inter-level travel time spent in this place.
 C = Inter-level travel time spent in this place.
 D = Time resting spent in this place.
 E = Time spent auto-exploring this place.
 F = Levels seen in this place.
 G = Mean time per level.
                   A        B        C        D        E       F      G
               +--------+--------+--------+--------+--------+-----+--------+
         Total |    910 |    865 |     45 |      0 |    702 |   2 |  455.0 |
       Dungeon |    910 |    865 |     45 |      0 |    702 |   2 |  455.0 |
               +--------+--------+--------+--------+--------+-----+--------+

Top non-repeatable levels by time:
     D:1: 898 daAuts
     D:2: 11 daAuts
